AoeStats
← [CL]Sendoh

Arabia

510833212Analyzed
2v2 RM · 14h ago on Oct 2, 2026· 30m 57s· 4 players
Game mode
Random Map
Map size
Medium (4 player)
Population
200
Speed
Normal
Resources
Standard
Victory
Conquest
Starting age
Dark Age
Ending age
Imperial Age
RankedLock teamsTeams togetherTeam positionsShared explorationLock speedFull tech treeHidden civsTurbo modeCheats
Victory
Defeat
🇬🇧 Franks · United Kingdom
1321
+19
🇳🇱 Saxons · Netherlands
1321
+19
🇨🇱 Mongols · Chile
1412
-20
🇨🇱 Maya · Chile
1368
-18
Tj
6:51 Loom
8:58 Feudal Age
11:47 Double-Bit Axe
16:14 Wheelbarrow
15:57 Scale Barding Armor
17:09 Forging
25:50 Castle Age
26:23 Gold Mining
25:55 Light Cavalry
26:50 Husbandry
27:23 Chain Barding Armor
28:59 Hand Cart
Péw
6:04 Loom
9:02 Feudal Age
10:26 Man-at-Arms
14:10 Fletching
22:24 Castle Age
22:26 Crossbowman
23:12 Bodkin Arrow
24:19 Padded Archer Armor
24:29 Double-Bit Axe
[CL]Sendoh
0:31 Loom
9:19 Feudal Age
10:02 Double-Bit Axe
11:37 Man-at-Arms
22:39 Fletching
26:26 Castle Age
24:30 Padded Archer Armor
24:53 Scale Barding Armor
25:00 Forging
26:30 Bloodlines
27:46 Chain Barding Armor
[CL]Jigsaw
0:28 Loom
10:02 Feudal Age
15:05 Fletching
16:58 Padded Archer Armor
17:23 Scale Mail Armor
19:40 Double-Bit Axe
26:20 Castle Age
25:03 Horse Collar
25:16 Gold Mining
25:17 Stone Mining
25:47 Forging
26:35 Pikeman
Connection lost

Rejoining the realm…

Still unreachable

The connection could not be restored.

Session expired

The server has moved on; the page needs a fresh start.